Description

Standard TvP Timing Push with Marine, Tank, Mine

Replay - Blackpink LE (197) upload TvP

Build Order

Get SALT Encoding   

  12  0:00  SCV  
  13  0:13  SCV  
  14  0:18  Supply Depot  
  14  0:25  SCV  
  15  0:39  SCV  
  15  0:41  Barracks  
  16  0:44  Refinery  
  16  0:51  SCV  
  17  1:03  SCV  
  18  1:15  SCV  
  19  1:31  Orbital Command  
  19  1:32  Reaper  
  20  1:45  Command Center  
  20  1:52  Supply Depot  
  20  1:57  SCV  
  21  2:04  Marine  
  22  2:09  SCV  
  23  2:15  Factory  
  23  2:16  Refinery  
  23  2:22  Barracks Reactor  
  23  2:23  SCV  
  26  2:59  Widow Mine  
  26  3:00  Starport, Marine x2  
  26  3:04  Orbital Command  
  32  3:17  Marine x2  
  34  3:21  Widow Mine  
  37  3:37  Viking  
  37  3:41  Supply Depot  
  40  3:44  Factory Tech Lab  
  42  3:51  Marine x2  
  45  3:55  Supply Depot  
  45  3:59  Barracks  
  46  4:03  Siege Tank  
  49  4:16  Starport Tech Lab  
  51  4:27  Barracks  
  53  4:34  Marine x2  
  56  4:41  Engineering Bay  
  56  4:42  Supply Depot  
  57  4:47  Starport Reactor  
  57  4:48  Factory Reactor  
  58  4:55  Refinery x2  
  59  5:00  Stimpack, Marine  
  63  5:08  Terran Infantry Weapons Level 1  
  68  5:25  Combat Shields, Marauder x2  
  68  5:26  Widow Mine x2  
  77  5:38  Medivac x2  
  83  5:46  Marauder x2  
  83  5:49  Widow Mine x2  
  93  6:08  Marauder x2  
  93  6:10  Medivac x2  
  101  6:13  Widow Mine x2  
  107  6:29  Marauder x2  
  113  6:34  Widow Mine x2  
  117  6:43  Concussive Shells  
  119  6:50  Marauder x2  
  121  7:08  Viking x2  
  136  7:37  Command Center  
  137  8:02  Viking x2  
  141  8:08  Barracks x2  
  134  8:32  Viking x2  
  134  8:49  Orbital Command, Armory  
  136  8:57  Barracks Tech Lab, Barracks Reactor  
  110  9:21  Medivac x2  
  103  9:40  Terran Ship Weapons Level 1  
  103  9:41  Terran Infantry Weapons Level 2  
  103  9:45  Engineering Bay  
Spawning Tool Build Advisor. Get it on Overwolf

Go to:

Details

  • Created by: Mithriel
  • Published on: May 10, 2018
  • Modified on: May 10, 2018
  • Patch: 4.0.0
Show
View Real Time Build Order
Export as new Build Order

Comments (0)

There are no comments. Be the first!

Create an account to comment!